AoeStats
← Mister Piccolo

Arabia

505462949Analyzed
1v1 RM · 22d ago on Sep 9, 2026· 37m 40s· 2 players
Game mode
Random Map
Map size
Tiny (2 player)
Population
200
Speed
Normal
Resources
Standard
Victory
Conquest
Starting age
Dark Age
Ending age
Imperial Age
RankedLock teamsTeams togetherTeam positionsShared explorationLock speedFull tech treeHidden civsTurbo modeCheats
Victory
Defeat
🇩🇪 Malay · Germany
1546
+16
🇨🇦 Franks · Canada
1550
-16
eraycoskun33
6:43 Loom
9:44 Feudal Age
9:28 Double-Bit Axe
21:03 Castle Age
19:55 Scale Barding Armor
21:24 Bow Saw
21:39 Horse Collar
24:06 Husbandry
26:19 Man-at-Arms
27:06 Squires
28:11 Long Swordsman
29:05 Forging
31:06 Iron Casting
31:49 Arson
Mister Piccolo
5:50 Loom
9:26 Feudal Age
18:48 Double-Bit Axe
20:42 Stone Mining
22:35 Forging
28:03 Castle Age
26:39 Scale Mail Armor
26:29 Arson
31:23 #83
31:46 Iron Casting
32:38 Bow Saw
Connection lost

Rejoining the realm…

Still unreachable

The connection could not be restored.

Session expired

The server has moved on; the page needs a fresh start.